Map: Newkirk Precinct TE (Void)

Players

Fropez - Winner!

  • Race: Protoss Protoss
  • League: Platinum
  • Spawn Location: 5:00

Titoi

  • Race: Terran Terran
  • League: Platinum
  • Spawn Location: 7:00

VOD

Have the link to the VOD?

Description

Time

  • Played on: Jan. 30, 2017, 12:33 p.m.
  • Length: 6:54
Show
View Real Time Build Order
Export as new Build Order

Fropez Protoss - Winner!

Build Orders: Dark Templar Rush 

Get SALT Encoding   

  12  0:01  Probe (Chrono Boost)  
  13  0:11  Probe (Chrono Boost)  
  14  0:21  Pylon  
  14  0:22  Probe (Chrono Boost)  
  15  0:40  Probe (Chrono Boost)  
  15  0:42  Gateway  
  16  0:45  Assimilator  
  16  0:50  Probe (Chrono Boost)  
  17  1:02  Probe (Chrono Boost)  
  18  1:16  Pylon  
  18  1:20  Pylon  
  18  1:24  Pylon  
  18  1:26  Probe (Chrono Boost)  
  18  1:28  Pylon  
  19  1:46  Nexus  
  19  1:48  Pylon  
  19  1:56  Cybernetics Core, Assimilator  
  19  1:59  Probe (Chrono Boost)  
  20  2:16  Probe (Chrono Boost)  
  21  2:23  Gateway  
  21  2:25  Warp Gate  
  21  2:34  Twilight Council  
  21  2:36  Probe (Chrono Boost)  
  22  2:48  Probe (Chrono Boost)  
  23  2:56  Adept  
  25  3:00  Probe (Chrono Boost), Mothership Core (Chrono Boost)  
  28  3:07  Pylon  
  28  3:09  Adept  
  28  3:12  Probe (Chrono Boost)  
  31  3:16  Assimilator  
  31  3:18  Probe (Chrono Boost)  
  32  3:31  Dark Shrine  
  32  3:32  Probe (Chrono Boost)  
  32  3:33  Probe (Chrono Boost)  
  34  3:35  Adept  
  36  3:43  Probe (Chrono Boost)  
  36  3:46  Probe (Chrono Boost), Assimilator  
  38  3:55  Robotics Facility  
  38  4:00  Probe (Chrono Boost)  
  38  4:01  Probe (Chrono Boost)  
  40  4:15  Probe (Chrono Boost)  
  40  4:17  Probe (Chrono Boost)  
  42  4:29  Gateway  
  42  4:30  Pylon  
  42  4:31  Probe (Chrono Boost)  
  44  4:32  Pylon, Probe (Chrono Boost)  
  44  4:39  Warp Prism  
  44  4:41  Probe (Chrono Boost)  
  44  4:44  Probe (Chrono Boost)  
  48  4:51  Dark Templar  
  50  4:57  Dark Templar  
  53  5:00  Probe x2 (Chrono Boost)  
  49  5:23  Observer  
  49  5:25  Probe (Chrono Boost)  
  49  5:26  Probe (Chrono Boost)  
  52  5:36  Probe (Chrono Boost)  
  52  5:39  Probe (Chrono Boost)  
  50  5:43  Adept x3  
  51  5:54  Probe (Chrono Boost)  
  51  5:55  Gateway  
  51  5:56  Observer, Probe (Chrono Boost)  
  53  5:59  Pylon  
  54  6:11  Dark Templar x3  
Show
View Real Time Build Order
Export as new Build Order

Titoi Terran 

Build Orders:  

Get SALT Encoding   

  12  0:02  SCV  
  13  0:14  SCV  
  14  0:22  Supply Depot  
  14  0:26  SCV  
  15  0:30  Refinery  
  15  0:44  Refinery  
  15  0:48  Barracks  
  15  0:52  SCV  
  16  1:04  SCV  
  17  1:19  Barracks  
  17  1:28  SCV  
  18  2:07  Factory  
  18  2:08  Barracks Reactor  
  18  2:11  Barracks Tech Lab  
  18  2:36  Marine  
  19  2:40  SCV  
  20  2:48  Marine x2  
  22  2:52  Starport  
  22  2:55  Stimpack  
  22  2:56  Marine  
  23  3:09  Supply Depot  
  23  3:19  Supply Depot  
  23  3:30  SCV  
  24  3:39  Medivac x2  
  28  3:43  Marine  
  28  3:45  Marine  
  30  3:50  Widow Mine  
  32  4:00  Supply Depot  
  32  4:02  Marine  
  33  4:04  Marine  
  34  4:19  Marine  
  34  4:22  Marine  
  36  4:30  Widow Mine  
  38  4:37  Marine, SCV  
  40  4:40  Marine  
  41  4:49  Orbital Command  
  41  4:55  Marine  
  41  4:58  Marine  
  43  5:13  Marine  
  38  5:15  Marine  
  35  5:31  Marine  
  35  5:34  Marauder  
  36  5:45  Factory Tech Lab  
  36  5:59  Command Center  
  36  6:02  SCV  
  36  6:03  Engineering Bay  
  29  6:19  Orbital Command  
Tags
 
Add a new tag
Caveats
  • Supply blocks, unpowered buildings, or Contaminate may cause inaccurate times.
  • Supply counts are checked every 10 seconds.